 Dungeon Crawl Stone Soup version 0.23.0 (webtiles) character file.

Game seed: 6182312480664504250

323741 Blackhawk the Warrior (level 21, -3/145 HPs)
             Began as a Gargoyle Fighter on Feb 10, 2019.
             Was the Champion of Okawaru.
             Killed from afar by a starcursed mass (8 damage)
             ... with an accursed screaming
             ... on level 4 of the Abyss.
             The game lasted 01:47:41 (47175 turns).

Blackhawk the Warrior (Gargoyle Fighter)           Turns: 47175, Time: 01:47:41

Health: -3/145     AC: 48    Str: 25    XL:     21   Next: 17%
Magic:  0/32       EV: 13    Int: 20    God:    Okawaru [******]
Gold:   1316       SH: 27    Dex: 14    Spells: 20/20 levels left

rFire    . . .     SeeInvis .   a - +9 broad axe (freeze)
rCold    . . .     Gourm    .   M - +0 large shield
rNeg     + . .     Faith    .   P - +9 plate armour of the Little Devil {Str-3 Int+4 Dex+6}
rPois    ∞         Spirit   +   J - +3 hat of Pondering {ponderous, MR+ MP+10 Int+5}
rElec    +         Reflect  +   N - scarf {Spirit}
rCorr    .         Harm     .   i - +2 pair of gloves {archery}
MR       +++..     Rnd*Rage +   v - +2 pair of boots {run} Stlth ..........Rnd*Tele +
                                U - +5 amulet of reflection
HPRegen  0.34/turn              Y - ring of protection from magic
MPRegen  0.23/turn              S - +5 ring of strength

@: about to teleport, flying
A: big wings, iridescent scales 1, camouflage 1, [berserk 2], [blurry vision 2],
clumsy 2, deformed body, low mp 1, negative energy resistance 1, electricity
resistance, [teleportitis 2], weak 1, unbreathing, petrification resistance, no
potion heal 2, rot immunity, subdued magic 1, MP-powered wands, AC +16
}: 3/15 runes: barnacled, slimy, gossamer
a: Stop Flying, Heroism, Finesse, Renounce Religion


You were on level 4 of the Abyss.
You worshipped Okawaru.
Okawaru was exalted by your worship.
You were hungry.

You visited 8 branches of the dungeon, and saw 38 of its levels.
You visited the Abyss 1 time.
You visited 1 bazaar.
You also visited: Gauntlet and Ice Cave.

You collected 4126 gold pieces.
You spent 2810 gold pieces at shops.

Inventory:

Hand Weapons
 a - a +9 broad axe of freezing (weapon)
 b - the +5 morningstar of Ywnuusi {freeze, +Blink rF+ Int+3}
   (Okawaru gifted it to you on level 4 of the Spider Nest)

   It has been specially enchanted to freeze those struck by it, causing extra
   injury to most foes and up to half again as much damage against particularly
   susceptible opponents.
   It can also slow down cold-blooded creatures.
   It affects your intelligence (+3).
   It protects you from fire.
   It lets you blink.
 w - the +9 broad axe "Qibri" {flame, Int+4}
   (You found it on level 5 of the Pits of Slime)

   It has been specially enchanted to burn those struck by it, causing extra
   injury to most foes and up to half again as much damage against particularly
   susceptible opponents.
   Big, fiery blades are also staple armaments of hydra-hunters.
   It affects your intelligence (+4).
Missiles
 C - 7 throwing nets (quivered)
Armour
 i - a +2 pair of gloves of archery (worn)
 v - a +2 pair of boots of running (worn)
 J - the +3 hat of Pondering (worn) {ponderous, MR+ MP+10 Int+5}
   (You bought it in a shop in a bazaar)

   It affects your intelligence (+5).
   It affects your resistance to hostile enchantments.
   It affects your magic capacity (+10).
 M - a +0 large shield (worn)
 N - a scarf of spirit shield (worn)
 P - the +9 plate armour of the Little Devil (worn) {Str-3 Int+4 Dex+6}
   (You bought it in a shop on level 2 of the Orcish Mines)

   It affects your strength (-3).
   It affects your intelligence (+4).
   It affects your dexterity (+6).
Jewellery
 k - a +3 ring of dexterity {unknown}
 p - the ring "Sonigugi" {rC+ Dex+3}
   (You found it on level 5 of the Pits of Slime)

   [ring of protection from cold]

   It affects your dexterity (+3).
   It protects you from cold.
 I - an uncursed ring of magical power {unknown}
 S - a +5 ring of strength (right hand)
 U - a +5 amulet of reflection (around neck)
 X - an uncursed ring of see invisible
 Y - a ring of protection from magic (left hand)
 Z - an uncursed ring of protection from fire {unknown}
Wands
 n - a wand of acid (13)
 D - a wand of digging (19)
 E - a wand of disintegration (13)
 F - a wand of paralysis (39)
 H - a wand of enslavement (23)
 K - a wand of iceblast (6)
 O - a wand of flame (16)
 R - a wand of polymorph (14)
 T - a wand of clouds (4)
Scrolls
 h - 8 scrolls of enchant armour
 j - 12 scrolls of remove curse
 l - 3 scrolls of enchant weapon
 m - 3 scrolls of identify
 o - 2 scrolls of blinking
 q - 2 scrolls of fog
 s - 7 scrolls of fear
 z - 4 scrolls of magic mapping
 A - 3 scrolls of summoning
 L - 5 scrolls of teleportation
 V - a scroll of silence
Potions
 c - 6 potions of ambrosia
 d - 5 potions of might
 e - 6 potions of agility
 g - 5 potions of haste
 r - 14 potions of curing
 t - 2 potions of invisibility
 u - 9 potions of heal wounds
 B - 2 potions of cancellation
 G - 2 potions of berserk rage
 W - 2 potions of magic
Miscellaneous
 x - a phial of floods
 y - a sack of spiders
Comestibles
 f - 74 rations


   Skills:
 * Level 19.7 Fighting
 - Level 10.3(13.2) Axes
 - Level 14.7(16.0) Maces & Flails
 - Level 13.9 Armour
 + Level 14.3 Dodging
 + Level 16.9 Shields
 - Level 5.0 Invocations
 - Level 4.0 Evocations


You had 20 spell levels left.
You didn't know any spells.
Your spell library contained the following spells:

 Spells                   Type           Power        Failure   Level  Hunger
 Animate Skeleton         Necr           N/A          99%         1    ##.....
 Apportation              Tloc           #.....       99%         1    ##.....
 Beastly Appendage        Tmut           #.....       99%         1    ##.....
 Confusing Touch          Hex            #.....       99%         1    ##.....
 Corona                   Hex            #......      99%         1    ##.....
 Magic Dart               Conj           #...         99%         1    ##.....
 Pain                     Necr           #...         99%         1    ##.....
 Summon Butterflies       Summ           #.......     99%         1    ##.....
 Summon Small Mammal      Summ           #...         99%         1    ##.....
 Ensorcelled Hibernation  Hex/Ice        #.....       99%         2    ###....
 Poisonous Vapours        Pois/Air       #.....       99%         2    ###....
 Searing Ray              Conj           #.....       99%         2    ###....
 Slow                     Hex            #.......     99%         2    ###....
 Sticks to Snakes         Tmut           #.......     99%         2    ###....
 Confuse                  Hex            #.......     100%        3    ####...
 Conjure Flame            Conj/Fire      #.......     100%        3    ####...
 Dazzling Spray           Conj/Hex       #.....       100%        3    ####...
 Gell's Gravitas          Tloc           #.........   100%        3    ####...
 Ignite Poison            Fire/Tmut/Pois #.......     100%        3    ####...
 Inner Flame              Hex/Fire       #.......     100%        3    ####...
 Lesser Beckoning         Tloc           #.........   100%        3    ####...
 Mephitic Cloud           Conj/Pois/Air  #.......     100%        3    ####...
 Ozocubu's Armour         Chrm/Ice       #.......     100%        3    ####...
 Portal Projectile        Hex/Tloc       #.....       100%        3    ####...
 Regeneration             Chrm/Necr      #.........   100%        3    ####...
 Spider Form              Tmut/Pois      #.........   100%        3    ####...
 Static Discharge         Conj/Air       #.......     100%        3    ####...
 Stone Arrow              Conj/Erth      #.....       100%        3    ####...
 Tukima's Dance           Hex            #.......     100%        3    ####...
 Vampiric Draining        Necr           #.........   100%        3    ####...
 Animate Dead             Necr           N/A          100%        4    #####..
 Cause Fear               Hex            #.........   100%        4    #####..
 Force Lance              Conj/Tloc      #.......     100%        4    #####..
 Fulminant Prism          Conj/Hex       #.........   100%        4    #####..
 Ice Form                 Ice/Tmut       #.......     100%        4    #####..
 Iskenderun's Mystic Bla  Conj           #.......     100%        4    #####..
 Leda's Liquefaction      Hex/Erth       #.........   100%        4    #####..
 Olgreb's Toxic Radiance  Pois           #.......     100%        4    #####..
 Petrify                  Tmut/Erth      #.......     100%        4    #####..
 Alistair's Intoxication  Tmut/Pois      #.......     100%        5    ######.
 Blade Hands              Tmut           #.........   100%        5    ######.
 Bolt of Magma            Conj/Fire/Erth #.........   100%        5    ######.
 Borgnjor's Vile Clutch   Necr/Erth      #.........   100%        5    ######.
 Fireball                 Conj/Fire      #.........   100%        5    ######.
 Irradiate                Conj/Tmut      #.........   100%        5    ######.
 Iskenderun's Battlesphe  Conj/Chrm      #.......     100%        5    ######.
 Lightning Bolt           Conj/Air       #.........   100%        5    ######.
 Metabolic Englaciation   Hex/Ice        #.........   100%        5    ######.
 Silence                  Hex/Air        #.........   100%        5    ######.
 Venom Bolt               Conj/Pois      #.........   100%        5    ######.
 Yara's Violent Unravell  Hex/Tmut       #.........   100%        5    ######.
 Bolt of Fire             Conj/Fire      #.........   100%        6    #######
 Darkness                 Hex            #.........   100%        6    #######
 Invisibility             Hex            #.......     100%        6    #######
 Iron Shot                Conj/Erth      #.........   100%        6    #######
 Shadow Creatures         Summ           N/A          100%        6    #######
 Orb of Destruction       Conj           #.........   100%        7    #######
 Ring of Flames           Chrm/Fire      #.........   100%        7    #######
 Spellforged Servitor     Conj/Summ      #.........   100%        7    #######
 Disjunction              Tloc           #.........   100%        8    #######
 Ignition                 Fire           #.........   100%        8    #######
 Shatter                  Erth           #.........   100%        9    #######
 Tornado                  Air            #.........   100%        9    #######
 Sublimation of Blood     Necr           Unusable     N/A         2    N/A
 Statue Form              Tmut/Erth      Unusable     N/A         6    N/A

Dungeon Overview and Level Annotations

Branches:
Dungeon (15/15)            Temple (1/1) D:7            Lair (6/6) D:9
 Shoals (4/4) Lair:2       Spider (4/4) Lair:2        Slime (5/5) Lair:6
    Orc (2/2) D:12            Elf (0/3) Orc:2        Vaults (0/5) D:14
 Depths (1/5) D:15

Altars:
Ashenzari
Cheibriados
Dithmenos
Elyvilon
Fedhas
Gozag
Hepliaklqana
Kikubaaqudgha
Makhleb
Nemelex Xobeh
Okawaru
Qazlal
Ru
Sif Muna
Trog
Uskayaw
Vehumet
Wu Jian
Xom
Yredelemnul
Zin
The Shining One
Beogh
Jiyva

Shops:
D:4 *   D:7 %   D:15 (   Orc:2 [=!(   Shoals:2 *   Shoals:3 !

Annotations:
Lair:1 1 runed translucent door, exclusion: 2 oklob plants, Beischinu's ghost, journeyman MiFi
Lair:6 2 exclusions
Shoals:1 exclusion: Roxanne, Roxanne


Innate Abilities, Weirdness & Mutations

You are resistant to torment.
Your stone body is resilient. (AC +16)
You are immune to poison.
Your large and strong wings let you fly indefinitely.
You resist negative energy. (rN+)
You are resistant to electric shocks. (rElec)
You can survive without breathing.
You are immune to petrification.
You are immune to rotting.
You are partially covered in iridescent scales. (AC +2)
Your skin changes colour to match your surroundings (Stealth+).
You are very clumsy. (Dex -4)
Armour fits poorly on your strangely shaped body.
Your magical capacity is low. (-10% MP)
You are weak. (Str -2)
Potions are poor at restoring your health.
Your spells are a little easier to cast, but a little less powerful.
You expend magic power (3 MP) to strengthen your wands.
[You often lose your temper in combat.]
[Scrolls take you longer to read.]
[You are sometimes teleported next to monsters.]


Message History

A white draconian comes into view.
It is wielding a +0 antimagic long sword.
A ynoxinul comes into view.
The white draconian roars!
The naga mage casts a spell.
The naga mage seems to speed up.
A naga comes into view. It is wielding a +0 hand axe.
The ynoxinul gestures.
You block the guardian serpent's attack.
The naga mage spits poison at you.
The splash of poison reflects off an invisible shield around you!
The splash of poison hits the naga mage but does no damage.
The ynoxinul gestures.
A naga comes into view. It is wielding a +0 short sword.
The naga shouts!
A chorus of shrieks assaults your mind.
* * * LOW HITPOINT WARNING * * *
A raiju comes into view.
You block the white draconian's attack. A chorus of shrieks assaults your mind.
You die...

. ...#...D#..## ..#. ..#
..#...##$..#X.#..#...#..
....#......X#.⌠.#.....#.
..#...#...u#....X#.. #..
...##.....#XX.#.X.#. ..
.........#..X#.#..X#.. #
#.......#xX.#...#X....#
.#3.5.d#..X#.....#.. #..
.3#...#@S.#N..XX.>#...
.55#.#...#N.#......#...
#.5.#...#..N..N#....#..
.#.....#....#...#... ..
..#.⌠.# /.%.N.#.. ≈# .#.
.#..#. ....#........ ..
#..### #...h#. ....#..
..# #......# . .. .#..
.#.u. .


You could see 4 starcursed masses, a white draconian, an ancient zyme, a large
abomination, a guardian serpent, a naga mage, a raiju, a ynoxinul, 2 nagas and
an ufetubus.

Vanquished Creatures
  the Royal Jelly (Slime:5)
  19 acid blobs
  2 krakens
  Agnes (D:14)
  A tentacled starspawn (Abyss:4)
  A sphinx (Depths:1)
  The ghost of Meoqees the Peltast, an adept MiFi of Okawaru (Shoals:2)
  14 azure jellies
  7 ghost moths
  2 emperor scorpions (Spider:4)
  6 stone giants (Depths:1)
  A vampire knight (Depths:1)
  3 entropy weavers
  A very ugly thing (Depths:1)
  Azrael (D:14)
  A minotaur (Gauntlet)
  A merfolk javelineer (Shoals:3)
  An ettin (Depths:1)
  A fire dragon (D:14)
  6 death oozes
  7 merfolk impalers
  13 great orbs of eyes
  3 ice dragons (Depths:1)
  The ghost of qdestroyer the Spear-Bearer, a journeyman MiFi of Qazlal (Shoals:3)
  7 hydras
  3 catoblepae
  7 ogre magi (Depths:1)
  4 centaur warriors
  4 merfolk avatars
  A death knight (D:15)
  4 merfolk aquamancers
  A satyr (Shoals:3)
  15 two-headed ogres
  A vampire mage (Depths:1)
  3 tengu warriors
  4 death yaks (Lair:6)
  2 deep troll shamans (Depths:1)
  4 orc high priests (Orc:2)
  3 deep troll earth magi (Depths:1)
  Nergalle (D:10)
  Sonja (D:10)
  A wretched star (Abyss:4)
  3 skeletal warriors (D:15)
  4 iron trolls (Depths:1)
  A wizard (D:13)
  An unseen horror (D:15)
  4 deep trolls (Depths:1)
  An unseen horror (shapeshifter) (D:14)
  2 glowing orange brains
  An obsidian statue (Shoals:2)
  9 starcursed masses (Abyss:4)
  23 harpies
  2 lindwurms (Lair:3)
  16 sea snakes
  3 orc knights
  An orb spider (shapeshifter) (Depths:1)
  A wolf spider zombie (D:15)
  An orc sorcerer (Orc:2)
  33 ugly things
  2 phantasmal warriors (D:15)
  10 shining eyes
  19 orb spiders
  3 necromancers
  A wolf spider (shapeshifter) (D:13)
  9 fauns
  17 wolf spiders
  A frost giant zombie (D:15)
  2 moths of wrath
  22 manticores
  A worldbinder (Abyss:4)
  8 cyclopes
  8 elephants
  3 eyes of devastation
  An orange demon (D:14)
  11 water nymphs
  2 ice statues (IceCv)
  A black mamba (Lair:3)
  9 merfolk sirens
  A rust devil (D:14)
  A smoke demon (Abyss:4)
  3 torpor snails
  8 spiny frogs
  2 gargoyles
  A rime drake (Lair:5)
  8 demonic crawlers
  A spriggan zombie (Depths:1)
  A kobold demonologist (D:15)
  2 spectral merfolk (Shoals:3)
  A yaktaur (shapeshifter) (D:14)
  5 ice devils (IceCv)
  8 komodo dragons
  A freezing wraith (D:14)
  A queen bee (Spider:3)
  5 tengu conjurers
  An ancient zyme (Abyss:4)
  28 jumping spiders
  8 trolls
  6 hornets
  7 meliai
  9 blink frogs
  4 wind drakes
  An ice dragon zombie (D:15)
  40 merfolk
  78 slime creatures
  3 dream sheep (Shoals:3)
  10 hippogriffs
  A small abomination (Abyss:4)
  A spectral wind drake (Shoals:3)
  10 snapping turtles
  5 flying skulls (Gauntlet)
  A shadow (D:13)
  A vampire (D:12)
  64 redbacks
  2 spriggan skeletons (D:15)
  12 water elementals
  3 wraiths
  2 wyverns
  27 tarantellas
  61 yaks
  A spriggan (D:7)
  3 fire elementals (D:14)
  2 fire bats (Gauntlet)
  2 alligator snapping turtle simulacra (Shoals:3)
  A deep troll skeleton (Depths:1)
  A sea snake simulacrum (Shoals:3)
  5 basilisks
  A steam dragon (D:13)
  6 golden eyes
  4 hungry ghosts
  A harpy simulacrum (Shoals:3)
  6 acid dragons
  10 wargs
  A spectral snapping turtle (Shoals:3)
  14 water moccasins
  3 hell hounds (D:14)
  10 porcupines
  A floating eye (Slime:4)
  9 eyes of draining
  3 ice beasts
  13 orc warriors
  3 black bears
  An ice beast (shapeshifter) (D:8)
  3 necrophages
  3 sky beasts
  21 ogres
  3 boggarts (Depths:1)
  22 centaurs
  4 wolves (Lair:4)
  2 big kobolds
  18 crocodiles
  20 bullfrogs
  A human simulacrum (Depths:1)
  A water moccasin zombie (D:11)
  5 scorpions
  21 killer bees
  A manticore simulacrum (Shoals:3)
  A merfolk simulacrum (Shoals:3)
  A snapping turtle simulacrum (Shoals:3)
  10 wights
  6 electric eels
  3 howler monkeys
  A lava snake (Lair:6)
  5 crimson imps
  3 bullfrog zombies
  5 centaur zombies
  3 jellies
  5 quasits
  3 draconian simulacra (IceCv)
  7 hounds
  10 orc wizards
  36 orc priests
  2 bullfrog skeletons
  7 centaur skeletons
  2 iron imps (D:14)
  4 iguanas
  A troll simulacrum (IceCv)
  13 worker ants
  3 centaur simulacra (IceCv)
  A hound zombie (D:11)
  A howler monkey skeleton (D:11)
  2 ogre simulacra (IceCv)
  7 adders
  3 gnolls (D:8)
  A naga simulacrum (IceCv)
  A river rat (D:14)
  7 shadow imps
  4 white imps (D:14)
  2 oozes
  2 adder zombies
  2 adder skeletons (D:9)
  A dart slug (D:2)
  4 leopard geckos
  86 orcs
  10 giant cockroaches
  5 goblins
  10 hobgoblins
  3 jackals
  15 kobolds
  3 quokkas
  4 bats
  5 frilled lizards
  A leopard gecko skeleton (D:4)
  A leopard gecko zombie (D:6)
  8 rats
  9 fungi
  22 plants
  4 tentacles
  A withered plant (D:15)
1413 creatures vanquished.

Vanquished Creatures (others)
  3 emperor scorpions
  3 merfolk javelineers (Shoals:4)
  A merfolk avatar (Shoals:2)
  2 satyrs
  A death yak (Lair:6)
  2 wolf spiders
  4 orb spiders (Spider:4)
  6 elephants
  A faun (Shoals:1)
  A spiny frog (Lair:2)
  2 komodo dragons
  3 demonic crawlers
  2 jumping spiders
  A hornet (Lair:3)
  6 redbacks
  7 tarantellas
  A basilisk (Lair:2)
  An ogre (Depths:1)
  A wolf (Lair:4)
  2 crocodiles (Lair:4)
  4 killer bees (Spider:3)
  An electric eel (Spider:3)
  An orc priest (Orc:2)
  16 fungi
  15 plants
  2 starspawn tentacles (Abyss:4)
  4 tentacles
  5 withered plants
98 creatures vanquished.

Grand Total: 1511 creatures vanquished

Notes
Turn   | Place    | Note
-------+----------+-------------------------------------------
     0 | D:1      | Blackhawk the Gargoyle Fighter began the quest for the Orb.
     0 | D:1      | Reached XP level 1. HP: 14/14 MP: 1/1
   268 | D:1      | Reached XP level 2. HP: 19/19 MP: 2/2
   562 | D:1      | Reached XP level 3. HP: 18/23 MP: 3/3
  1075 | D:2      | Reached XP level 4. HP: 29/29 MP: 4/4
  1612 | D:2      | Found a blossoming altar of Fedhas.
  1613 | D:2      | Found a sparkling altar of Nemelex Xobeh.
  1688 | D:3      | Reached skill level 4 in Fighting
  2205 | D:2      | Found a glowing golden altar of the Shining One.
  2205 | D:2      | Found a burning altar of Makhleb.
  2205 | D:2      | Found a bloodstained altar of Trog.
  2354 | D:4      | Reached XP level 5. HP: 33/33 MP: 5/5
  3018 | D:4      | Reached XP level 6. HP: 36/39 MP: 4/6
  3097 | D:4      | Found Etuab's Assorted Antiques.
  3104 | D:4      | Bought a spiked hat for 216 gold pieces
  3114 | D:4      | Identified the +0 hat of Amorality {rPois rN++ Str-5 SInv}
                  | (You bought it in a shop on level 4 of the Dungeon)
  3288 | D:4      | Reached skill level 5 in Fighting
  3312 | D:5      | Entered Level 5 of the Dungeon
  3334 | D:5      | Reached skill level 5 in Armour
  3339 | D:5      | Reached skill level 5 in Shields
  3339 | D:5      | Reached XP level 7. HP: 28/44 MP: 4/7
  4695 | D:6      | Reached XP level 8. HP: 47/51 MP: 6/8
  4767 | D:6      | Reached skill level 6 in Fighting
  5083 | D:6      | Reached skill level 5 in Maces & Flails
  5482 | D:7      | Found Toitac's Food Shop.
  6229 | D:7      | Found a staircase to the Ecumenical Temple.
  6234 | Temple   | Entered the Ecumenical Temple
  6453 | D:7      | Noticed a spriggan baker
  6469 | D:7      | Killed a spriggan baker
  6687 | D:8      | Noticed a hippogriff
  6703 | D:8      | Killed a hippogriff
  6703 | D:8      | Reached skill level 7 in Fighting
  6703 | D:8      | Reached XP level 9. HP: 40/57 MP: 6/9
  6951 | D:8      | Noticed a rime drake
  6959 | D:8      | a rime drake changed into an ice beast
  7786 | D:8      | Found an iron altar of Okawaru.
  7796 | D:8      | Became a worshipper of Warmaster Okawaru
  8431 | D:9      | Reached skill level 8 in Fighting
  8715 | D:8      | Reached * piety under Okawaru
  8877 | D:9      | Noticed a troll
  8897 | D:9      | Killed a troll
  8897 | D:9      | Reached XP level 10. HP: 33/65 MP: 6/10
  9300 | D:9      | Found a staircase to the Lair.
  9384 | D:9      | Found a roughly hewn altar of Beogh.
 10090 | D:10     | Entered Level 10 of the Dungeon
 10094 | D:10     | Reached ** piety under Okawaru
 10164 | D:10     | Noticed Sonja
 10270 | Lair:1   | Entered Level 1 of the Lair of Beasts
 10300 | Lair:1   | Noticed a spiny frog
 10306 | Lair:1   | Killed a spiny frog
 10306 | Lair:1   | Reached skill level 9 in Fighting
 10554 | Lair:1   | Found a runed translucent door.
 10554 | Lair:1   | Noticed Beischinu's ghost (journeyman MiFi)
 10922 | Lair:1   | Noticed a spiny frog
 10934 | Lair:1   | Killed a spiny frog
 10934 | Lair:1   | Reached *** piety under Okawaru
 11130 | Lair:1   | Noticed an oklob plant
 11130 | Lair:1   | Noticed an oklob plant
 11409 | Lair:1   | Reached XP level 11. HP: 52/72 MP: 7/11
 11837 | D:10     | Noticed Nergalle
 11857 | D:10     | Killed Nergalle
 11857 | D:10     | Reached skill level 10 in Fighting
 11905 | D:10     | Reached **** piety under Okawaru
 12075 | D:10     | Killed Sonja
 12075 | D:10     | Reached skill level 10 in Armour
 12075 | D:10     | Reached skill level 10 in Shields
 12774 | D:11     | Noticed a cyclops
 12788 | D:11     | Killed a cyclops
 12788 | D:11     | Reached ***** piety under Okawaru
 13013 | D:11     | Got a twisted ring mail
 13135 | D:11     | Noticed a brown ugly thing
 13151 | D:11     | Killed a brown ugly thing
 13162 | D:11     | Noticed a cyclops
 13164 | D:11     | Noticed a green ugly thing
 13213 | D:10     | Killed a green ugly thing
 13476 | D:11     | Received a gift from Okawaru
 13481 | D:11     | Got a pair of translucent boots {god gift}
 13487 | D:11     | Identified the +1 pair of boots of Buniyseu {rCorr Int+2}
                  | (Okawaru gifted it to you on level 11 of the Dungeon)
 13773 | D:11     | Reached XP level 12. HP: 79/79 MP: 12/12
 13819 | D:11     | Reached skill level 11 in Fighting
 14271 | D:12     | Identified the +1 ring mail of the Monkey's Uncle {rN+ MR+
                  | Dex+4} (You found it on level 11 of the Dungeon)
 14511 | D:12     | Noticed a five-headed hydra
 14534 | D:11     | Killed a five-headed hydra
 14534 | D:11     | Reached skill level 10 in Maces & Flails
 15324 | D:12     | Found a sparkling altar of Nemelex Xobeh.
 15422 | D:12     | Found a staircase to the Orcish Mines.
 16115 | D:13     | Noticed an anaconda
 16115 | D:13     | a torpor snail changed into an anaconda
 16126 | D:13     | an anaconda changed into a wolf spider
 16144 | D:13     | Received a gift from Okawaru
 16293 | D:13     | Noticed a great orb of eyes
 16298 | D:13     | Paralysed by a great orb of eyes for 4 turns
 16315 | D:13     | Killed a great orb of eyes
 16315 | D:13     | Reached skill level 12 in Fighting
 16325 | D:13     | Reached XP level 13. HP: 32/86 MP: 2/13
 16636 | D:13     | Reached ****** piety under Okawaru
 16904 | D:13     | Found a hazy altar of Hepliaklqana.
 16921 | D:13     | Found a shadowy altar of Dithmenos.
 17828 | Lair:2   | Found a gate leading to a gauntlet.
 17860 | Gauntlet | Entered a Gauntlet
 17860 | Gauntlet | Found a transporter.
 17875 | Gauntlet | Found a transporter.
 17885 | Gauntlet | Found a transporter.
 17890 | Gauntlet | Found a transporter.
 17904 | Gauntlet | Noticed a death ooze
 17911 | Gauntlet | Found a transporter.
 17924 | Gauntlet | Found a transporter.
 17936 | Gauntlet | Found a transporter.
 17948 | Gauntlet | Found a transporter.
 17960 | Gauntlet | Found a transporter.
 17972 | Gauntlet | Found a transporter.
 17974 | Gauntlet | Noticed a dire elephant
 17989 | Gauntlet | Found a transporter.
 18007 | Gauntlet | Found a transporter.
 18009 | Gauntlet | Found a transporter.
 18054 | Gauntlet | Found a transporter.
 18056 | Gauntlet | Found a transporter.
 18134 | Gauntlet | Found a transporter.
 18154 | Gauntlet | Found a transporter.
 18176 | Gauntlet | Found a transporter.
 18448 | Gauntlet | Got a heavily runed hat
 18495 | Gauntlet | Identified the amulet "Qickuby" {Harm *Drain rElec Str+4
                  | Dex-5 Slay+6}
 18495 | Gauntlet | Noticed a minotaur
 18506 | Gauntlet | Killed a minotaur
 18506 | Gauntlet | Reached skill level 1 in Axes
 18518 | Gauntlet | Got a scorched dagger
 18777 | Lair:2   | Found a hole to the Spider Nest.
 19205 | Lair:2   | Found a staircase to the Shoals.
 19247 | Lair:2   | Identified the +1 hat "Nehu Keph" {rF++ Regen+ Str-3} (You
                  | found it in a Gauntlet)
 19878 | Lair:3   | Received a gift from Okawaru
 19902 | Lair:3   | Reached skill level 1 in Dodging
 19903 | Lair:3   | Reached skill level 13 in Fighting
 20664 | Lair:4   | Gained mutation: Your large and strong wings let you fly
                  | indefinitely. [Gargoyle growth]
 20664 | Lair:4   | Reached XP level 14. HP: 94/94 MP: 14/14
 21593 | Lair:5   | Identified the cursed +1 dagger "Spiderslayer" {protect,
                  | *Corrode rElec Str+2 Stlth+} (You found it in a Gauntlet)
 22383 | Lair:4   | Reached skill level 5 in Axes
 22577 | Orc:1    | Entered Level 1 of the Orcish Mines
 22639 | Orc:1    | Found a roughly hewn altar of Beogh.
 22657 | Orc:1    | Found a frozen archway.
 22689 | IceCv    | Entered an ice cave
 22770 | IceCv    | Received a gift from Okawaru
 22952 | IceCv    | Identified the cursed +1 chain mail of Tenacity {rElec rC+
                  | Str+5} (You found it in an ice cave)
 23444 | Orc:2    | Entered Level 2 of the Orcish Mines
 23444 | Orc:2    | Found a staircase to the Elven Halls.
 23561 | Orc:2    | Reached skill level 14 in Fighting
 23899 | Orc:2    | Found Deosagg's Weapon Emporium.
 24003 | Orc:2    | Gained mutation: Your magical capacity is low. (-10% MP) [a
                  | neqoxec]
 24020 | Orc:2    | Found a roughly hewn altar of Beogh.
 24265 | Orc:2    | Found Uceweodoe's Antique Armour Boutique.
 24265 | Orc:2    | Found Haneskon's Jewellery Emporium.
 24471 | Orc:2    | Found Jerats's Distillery.
 24480 | Orc:2    | Received a gift from Okawaru
 24945 | Lair:6   | Entered Level 6 of the Lair of Beasts
 25050 | Lair:6   | Reached skill level 5 in Dodging
 25534 | Lair:6   | Found a staircase to the Slime Pits.
 25660 | Lair:6   | Reached XP level 15. HP: 100/100 MP: 13/13
 26250 | Spider:1 | Entered Level 1 of the Spider Nest
 26334 | Spider:1 | Noticed an emperor scorpion
 26525 | Spider:1 | Received a gift from Okawaru
 26754 | Spider:1 | Banished an emperor scorpion
 27108 | Spider:2 | Received a gift from Okawaru
 27296 | Spider:2 | Reached skill level 15 in Fighting
 27535 | Spider:2 | Reached skill level 15 in Shields
 28201 | Spider:3 | Reached XP level 16. HP: 58/108 MP: 6/14
 28461 | Spider:2 | Received a gift from Okawaru
 28887 | Spider:3 | Identified the +6 flail "Nogecloj" {venom, rN+ MR+ SInv}
                  | (You found it on level 3 of the Spider Nest)
 29197 | Spider:4 | Entered Level 4 of the Spider Nest
 30956 | Spider:4 | Reached skill level 16 in Fighting
 30988 | Spider:4 | Received a gift from Okawaru
 31373 | Spider:4 | Identified the +5 morningstar of Ywnuusi {freeze, +Blink
                  | rF+ Int+3} (Okawaru gifted it to you on level 4 of the
                  | Spider Nest)
 31462 | Spider:4 | Reached XP level 17. HP: 92/115 MP: 0/15
 31691 | Spider:4 | Got a gossamer rune of Zot
 32256 | D:14     | Noticed Azrael
 32268 | D:14     | Reached skill level 1 in Invocations
 32278 | D:14     | Reached skill level 1 in Evocations
 32297 | D:14     | Killed Azrael
 32306 | D:14     | Received a gift from Okawaru
 32316 | D:14     | Got an ancient morningstar {god gift}
 32322 | D:14     | Found a flickering gateway to a bazaar.
 32330 | Bazaar   | Entered a bazaar
 32330 | Bazaar   | Found Sarepsat's Antique Armour Boutique.
 32330 | Bazaar   | Found Maocw's Gadget Shoppe.
 32330 | Bazaar   | Found Vyett's Antique Armour Shop.
 32368 | Bazaar   | Found Kecol's Gadget Shop.
 32443 | Bazaar   | Bought the +3 hat of Pondering {ponderous, MR+ MP+10 Int+5}
                  | for 876 gold pieces
 32443 | Bazaar   | Found the +3 hat of Pondering {ponderous, MR+ MP+10 Int+5}
 32512 | Bazaar   | Identified the +3 morningstar "Vouh" {flame, Str+8}
                  | (Okawaru gifted it to you on level 14 of the Dungeon)
 32694 | D:14     | Reached skill level 10 in Axes
 32867 | D:14     | Found a gate to the Vaults.
 33006 | D:14     | Noticed Agnes
 33045 | D:14     | Killed Agnes
 33146 | D:14     | You fall through a shaft!
 33146 | D:15     | Entered Level 15 of the Dungeon
 33281 | D:14     | Identified the Handbook of the Rocks and the Glacier
 33492 | D:14     | Found a glowing golden altar of the Shining One.
 33800 | D:15     | Found Zeecleoja's Weapon Boutique.
 33964 | D:15     | Received a gift from Okawaru
 33967 | D:15     | Identified the +0 ring mail of Egalitarianism {rN+ MP+9
                  | Str+2} (Okawaru gifted it to you on level 15 of the
                  | Dungeon)
 34221 | D:15     | Found a staircase to the Depths.
 35055 | Orc:2    | Bought a +5 amulet of reflection for 618 gold pieces
 35073 | Orc:2    | Bought a smoking plate armour for 1064 gold pieces
 35083 | Orc:2    | Identified the +9 plate armour of the Little Devil {Str-3
                  | Int+4 Dex+6} (You bought it in a shop on level 2 of the
                  | Orcish Mines)
 35182 | Depths:1 | Entered Level 1 of the Depths
 35509 | Shoals:1 | Entered Level 1 of the Shoals
 36237 | Shoals:1 | Noticed Roxanne
 36453 | Shoals:1 | Reached skill level 5 in Invocations
 36802 | Shoals:2 | Reached XP level 18. HP: 122/122 MP: 19/19
 36870 | Shoals:2 | Found a runed translucent gate.
 36870 | Shoals:2 | Found a runed translucent gate.
 37022 | Shoals:2 | Received a gift from Okawaru
 37048 | Shoals:2 | Got an ancient flail
 37158 | Shoals:2 | Reached skill level 17 in Fighting
 37230 | Shoals:2 | You are sucked into a shaft!
 37230 | Shoals:3 | Found a runed translucent gate.
 37230 | Shoals:3 | Found a runed translucent gate.
 37245 | Shoals:3 | Found a runed translucent gate.
 37320 | Shoals:3 | Noticed qdestroyer's ghost (journeyman MiFi)
 37833 | Shoals:2 | Reached skill level 10 in Dodging
 37988 | Shoals:2 | Found a runed translucent gate.
 37989 | Shoals:2 | Found an opulent altar of Gozag.
 37989 | Shoals:2 | Found Pixodghea's Assorted Antiques.
 37990 | Shoals:2 | Noticed Meoqees's ghost (adept MiFi)
 38021 | Shoals:2 | Killed Meoqees's ghost
 38081 | Shoals:2 | Bought a scroll labeled POIDGH OMOU for 36 gold pieces
 38657 | Shoals:3 | Found Gitumyhi's Distillery.
 38831 | Shoals:3 | Killed qdestroyer's ghost
 38871 | Shoals:4 | Entered Level 4 of the Shoals
 38991 | Shoals:4 | Identified the +5 flail of Yredelemnul {flame, +Rage
                  | Stlth+} (You found it on level 2 of the Shoals)
 39068 | Shoals:4 | Identified the Volume of Cankerous Translocation
 39167 | Shoals:4 | Received a gift from Okawaru
 39486 | Shoals:4 | Identified the cursed +0 hunting sling of Hyner {velocity,
                  | +Inv rC+ Int+4}
 39505 | Shoals:4 | Reached XP level 19. HP: 121/129 MP: 20/20
 39586 | Shoals:4 | Identified the +5 ring mail "Zitud" {rPois Regen+ Str-2
                  | Int+6}
 39640 | Shoals:4 | Got a barnacled rune of Zot
 39803 | Shoals:4 | Identified the ring "Okho" {MR- Str+2 Int+2 Stlth+}
 40039 | Slime:1  | Entered Level 1 of the Pits of Slime
 40067 | Slime:1  | Received a gift from Okawaru
 40410 | Slime:2  | Gained mutation: Your spells are a little easier to cast,
                  | but a little less powerful. [a shining eye]
 40445 | Slime:2  | Reached skill level 18 in Fighting
 40613 | Slime:2  | Gained mutation: Armour fits poorly on your strangely
                  | shaped body. [a shining eye]
 40617 | Slime:2  | Gained mutation: You are clumsy. (Dex -2) [a shining eye]
 40618 | Slime:2  | Gained mutation: [You are occasionally teleported next to
                  | monsters.] [a shining eye]
 40620 | Slime:2  | Lost mutation: You are clumsy. (Dex -2) [potion of
                  | mutation]
 40620 | Slime:2  | Lost mutation: Armour fits poorly on your strangely shaped
                  | body. [potion of mutation]
 40620 | Slime:2  | Lost mutation: Your spells are a little easier to cast, but
                  | a little less powerful. [potion of mutation]
 40620 | Slime:2  | Gained mutation: You have large cloven feet. [potion of
                  | mutation]
 40678 | Slime:2  | Received a gift from Okawaru
 40692 | Slime:2  | Lost mutation: Your magical capacity is low. (-10% MP)
                  | [potion of mutation]
 40692 | Slime:2  | Lost mutation: You have large cloven feet. [potion of
                  | mutation]
 40692 | Slime:2  | Gained mutation: You have sharp toenails. [potion of
                  | mutation]
 40693 | Slime:2  | Lost mutation: You have sharp toenails. [potion of
                  | mutation]
 40693 | Slime:2  | Lost mutation: [You are occasionally teleported next to
                  | monsters.] [potion of mutation]
 40693 | Slime:2  | Gained mutation: You passively map a small area around you.
                  | [potion of mutation]
 40693 | Slime:2  | Gained mutation: You are agile. (Dex +2) [potion of
                  | mutation]
 41199 | Slime:3  | Lost mutation: You are agile. (Dex +2) [a shining eye]
 41202 | Slime:3  | Gained mutation: Your skin changes colour to match your
                  | surroundings (Stealth+). [a shining eye]
 41205 | Slime:3  | Gained mutation: Your magical capacity is low. (-10% MP) [a
                  | shining eye]
 41645 | Slime:3  | Gained mutation: You are frail. (-10% HP) [a shining eye]
 41647 | Slime:3  | Gained mutation: [You are occasionally teleported next to
                  | monsters.] [a shining eye]
 41648 | Slime:3  | Lost mutation: Your magical capacity is low. (-10% MP) [a
                  | shining eye]
 41650 | Slime:3  | Gained mutation: You are partially covered in iridescent
                  | scales. (AC +2) [a shining eye]
 41769 | Slime:3  | Lost mutation: [You are occasionally teleported next to
                  | monsters.] [potion of mutation]
 41769 | Slime:3  | Lost mutation: You are frail. (-10% HP) [potion of
                  | mutation]
 41769 | Slime:3  | Lost mutation: You passively map a small area around you.
                  | [potion of mutation]
 41769 | Slime:3  | Gained mutation: You are weak. (Str -2) [potion of
                  | mutation]
 41769 | Slime:3  | Gained mutation: You are agile. (Dex +2) [potion of
                  | mutation]
 41769 | Slime:3  | Gained mutation: You expend magic power (3 MP) to
                  | strengthen your wands. [potion of mutation]
 41952 | Slime:4  | Paralysed by a floating eye for 2 turns
 42125 | Slime:5  | Entered Level 5 of the Pits of Slime
 42229 | Slime:5  | Noticed the Royal Jelly
 42230 | Slime:5  | Found a viscous altar of Jiyva.
 42232 | Slime:5  | Found the +7 captain's cutlass {speed, disarm}
 42285 | Slime:5  | Killed the Royal Jelly
 42285 | Slime:5  | Received a gift from Okawaru
 42285 | Slime:5  | Reached XP level 20. HP: 47/137 MP: 12/23
 42769 | Slime:5  | Lost mutation: You are agile. (Dex +2) [a shining eye]
 43309 | Slime:5  | Gained mutation: Potions are less effective at restoring
                  | your health. [a shining eye]
 43310 | Slime:5  | Gained mutation: Armour fits poorly on your strangely
                  | shaped body. [a shining eye]
 43377 | Slime:5  | Gained mutation: Your spells are a little easier to cast,
                  | but a little less powerful. [a shining eye]
 43380 | Slime:5  | Gained mutation: You are clumsy. (Dex -2) [a shining eye]
 43637 | Slime:5  | Gained mutation: You are very clumsy. (Dex -4) [a shining
                  | eye]
 43696 | Slime:5  | Gained mutation: Potions are poor at restoring your health.
                  | [a shining eye]
 43697 | Slime:5  | Gained mutation: Your magical capacity is low. (-10% MP) [a
                  | shining eye]
 44061 | Slime:5  | Got an opal-encrusted plate armour
 44087 | Slime:5  | Got a slimy rune of Zot
 44099 | Slime:5  | Identified the +9 broad axe "Qibri" {flame, Int+4} (You
                  | found it on level 5 of the Pits of Slime)
 44133 | Slime:5  | Got a vibrating amber ring
 44152 | Slime:5  | Identified Noepn's Catalogue of Conjuration and Venom
 44840 | Lair:5   | Identified the ring "Sonigugi" {rC+ Dex+3} (You found it on
                  | level 5 of the Pits of Slime)
 44851 | Lair:5   | Identified the +1 plate armour of Subjectivity {Int+3} (You
                  | found it on level 5 of the Pits of Slime)
 45269 | Depths:1 | Reached skill level 19 in Fighting
 45398 | Depths:1 | Received a gift from Okawaru
 45519 | Depths:1 | Identified a +2 pair of boots of running (Okawaru gifted it
                  | to you on level 1 of the Depths)
 46863 | Depths:1 | Reached XP level 21. HP: 144/144 MP: 22/22
 47006 | Depths:1 | Noticed an ancient lich
 47030 | Depths:1 | Cast into level 4 of the Abyss (the power of Zot)
 47076 | Abyss:4  | Received a gift from Okawaru
 47156 | Abyss:4  | Paralysed by accursed screaming for 1 turns
 47166 | Abyss:4  | HP: 1/145 [starcursed mass/accursed screaming (12)]
 47168 | Abyss:4  | Noticed a bone dragon
 47174 | Abyss:4  | HP: 5/145 [starcursed mass/accursed screaming (7)]
 47175 | Abyss:4  | Killed from afar by a starcursed mass

Skill      XL: |  1  2  3  4  5  6  7  8  9 10 11 12 13 14 15 16 17 18 19 20 |
---------------+-------------------------------------------------------------+-----
Fighting       | 4 5 7 8 9 10 12 13 14 15 16 17 18 19 | 19.7
Armour         | 4 5 7 8 9 10 12 13 | 13.9
Shields        | 4 5 7 8 9 10 12 13 14 15 16 | 16.9
Maces & Flails | 3 4 5 7 8 9 10 11 12 13 14 | 14.7
Axes           | 3 6 8 9 10 | 10.3
Dodging        | 2 5 7 8 11 13 14 | 14.3
Invocations    | 5 |  5.0
Evocations     | 4 |  4.0

Action                   |  1- 3 |  4- 6 |  7- 9 | 10-12 | 13-15 | 16-18 | 19-21 || total
-------------------------+-------+-------+-------+-------+-------+-------+-------++-------
Melee: Flail             |   161 |   184 |   586 |   221 |       |       |       ||  1152
       Mace              |       |       |       |   911 |   207 |       |       ||  1118
       Broad axe         |       |       |       |       |  1193 |  1502 |   924 ||  3619
       Morningstar       |       |       |       |       |       |    26 |       ||    26
Invok: Heroism           |       |       |       |     3 |     8 |     5 |     3 ||    19
       Finesse           |       |       |       |       |       |     2 |     2 ||     4
 Abil: Fly               |       |       |       |       |       |     3 |       ||     3
       Stop Flying       |       |       |       |       |       |     2 |       ||     2
Evoke: Wand              |       |       |       |     1 |       |       |       ||     1
  Use: Scroll            |       |       |       |    26 |    13 |    17 |     7 ||    63
       Potion            |       |       |       |       |     1 |       |     8 ||     9
  Eat: Chunk             |     1 |     7 |    16 |    28 |    38 |    30 |     9 ||   129
       Ration            |       |       |     1 |     1 |     1 |     3 |     5 ||    11
Armor: Scale mail        |   110 |    88 |    36 |       |       |       |       ||   234
       Plate armour      |       |       |   460 |   739 |   423 |   384 |   617 ||  2623
       Chain mail        |       |       |       |       |   454 |   741 |       ||  1195
Dodge: Dodged            |    67 |    59 |   125 |   161 |   362 |   657 |   356 ||  1787
Block: Shield            |   103 |    81 |   410 |   270 |       |       |       ||   864
       Large shield      |       |       |       |   684 |  1437 |  2337 |  1315 ||  5773
       Reflection        |       |       |       |       |       |    89 |    40 ||   129
